 Dungeon Crawl Stone Soup version 0.29.1-15-g9cfb28693d (webtiles) character file.

Game seed: 8610808028438390393

91 Eitelfritz the Slasher (level 4, -1/38 HPs)
             Began as a Minotaur Gladiator on Apr 14, 2023.
             Slain by an orc wizard
             ... wielding a +0 dagger
              (3 damage)
             ... on level 3 of the Dungeon.
             The game lasted 00:03:08 (1806 turns).

Eitelfritz the Slasher (Minotaur Gladiator)         Turns: 1806, Time: 00:03:08

Health: -1/38      AC:  6    Str: 19    XL:     4   Next: 34%
Magic:  3/3        EV: 11    Int:  7    God:
Gold:   135        SH:  0    Dex: 11    Spells: 3/3 levels left

rFire   . . .      SeeInvis .   a - +0 long sword
rCold   . . .      Faith    .   (no shield)
rNeg    . . .      Spirit   .   h - +0 scale mail
rPois   .          Reflect  .   c - +0 hat
rElec   .          Harm     .   (no cloak)
rCorr   .          Rampage  .   (no gloves)
Will    .....                   (no boots)
Stlth   ..........              (no amulet)
HPRegen 0.12/turn               (no ring)
MPRegen 0.08/turn               (no ring)

@: attractive
A: horns 2, retaliatory headbutt
a: no special abilities


You were on level 3 of the Dungeon.
You visited 1 branch of the dungeon, and saw 3 of its levels.

You collected 135 gold pieces.

Inventory:

Hand Weapons
 a - a +0 long sword (weapon)
 b - a +0 sling
Missiles
 d - 3 throwing nets (quivered)
 e - a javelin
 n - 7 boomerangs
Armour
 c - a +0 hat (worn)
 h - a +0 scale mail (worn)
Jewellery
 f - an amulet of reflection
 r - a ring of poison resistance
 s - an amulet of magic regeneration
Scrolls
 g - a scroll of immolation {unknown}
 j - a scroll of poison {unknown}
 k - a scroll of amnesia {unknown}
 m - a scroll of magic mapping {unknown}
 q - a scroll of noise {unknown}
 t - 2 scrolls of teleportation {unknown}
 v - 4 scrolls of identify {unknown}
Potions
 i - a potion of attraction
 l - a potion of mutation {unknown}
 o - a potion of curing {unknown}
 p - 2 potions of invisibility {unknown}
 u - a potion of haste {unknown}


   Skills:
 + Level 3.2 Fighting
 + Level 4.7 Long Blades
 + Level 2.1 Throwing
 + Level 1.6 Armour
 + Level 4.0 Dodging


You had 3 spell levels left.
You didn't know any spells.
Your spell library was empty.

Dungeon Overview and Level Annotations

Branches:
Dungeon (3/15)

Altars:


Innate Abilities, Weirdness & Mutations

You have a pair of horns on your head.
You reflexively headbutt those who attack you in melee.


Message History

The orc priest is heavily wounded.
The orc priest closely misses you. The orc hits you with a +0 dagger.
You closely miss the orc priest.
The orc priest is heavily wounded.
The orc priest hits you but does no damage.
The orc hits you with a +0 dagger.
You slash the orc priest!
You kill the orc priest!
The orc barely misses you. The orc closely misses you. Something hits you.
* * * LOW HITPOINT WARNING * * *
You have reached level 4!
You feel stronger. The orc attacks as you move away!
The orc hits you but does no damage.
There is a faded altar of an unknown god here.
You miss something. You barely miss the orc. You closely miss the orc.
You hear the rusting of a very distant drain.
You hit something but do no damage. Your headbutt misses something.
Something hits you but does no damage. The orc hits you but does no damage.
You hit the orc.
The orc is moderately wounded.
Something hits you.
* * * LOW HITPOINT WARNING * * *
The orc hits you with a +0 dagger.
* * * LOW HITPOINT WARNING * * *
Unknown command.
Press < or > to pray at altars.
You hit the orc.
The orc is severely wounded.
Something hits you but does no damage. The orc hits you but does no damage.
You hear some strange, mumbled words.
A magic dart appears from out of thin air!
The magic dart hits you.
* * * LOW HITPOINT WARNING * * *
The orc barely misses you.
It was a potion of attraction.
You feel attractive to monsters. The orc hits you but does no damage.
Something hits you.
You die...

#.#..........#.....#
#.......
#.#.########.#.....#
###..... #....#
#..........# #..†..
###....##.###......#
#.†... ##(..##
#........# #.....
#####.#.##.....#
#...<. #..........#
#.....
###.#...†..######.....
.. #@o##.............
#. #{###..........###
. #o.>#..<.......#
....#..........#
##...#..........#
#...#..........#
#...#..........#
#..?#..........#
#####..........#


You could see 2 orcs.

Vanquished Creatures
  An orc priest (D:3)
  2 adders (D:2)
  A worm (D:2)
  A dart slug (D:1)
  5 ball pythons
  2 endoplasms (D:2)
  10 hobgoblins
  A quokka (D:1)
  2 bats (D:2)
  A frilled lizard (D:2)
  3 goblins
  5 kobolds
  3 rats
37 creatures vanquished.

Notes
Turn   | Place    | Note
-------+----------+-------------------------------------------
     0 | D:1      | Eitelfritz the Minotaur Gladiator began the quest for the
                  | Orb.
     0 | D:1      | Reached XP level 1. HP: 18/18 MP: 0/0
   377 | D:1      | Reached XP level 2. HP: 25/25 MP: 1/1
   870 | D:2      | Reached XP level 3. HP: 21/30 MP: 2/2
  1623 | D:2      | Reached skill level 1 in Armour
  1687 | D:3      | Found a faded altar of an unknown god.
  1799 | D:3      | Reached XP level 4. HP: 12/38 MP: 3/3
  1806 | D:3      | Slain by an orc wizard

Illustrated notes

Levels and vault maps discovered:
D:1:      scummos_arrival_checkerplants, layout_loops_corners
D:2:      layout_basic, minivault_27
D:3:      layout_basic, vehumet_altar_wand_db, mainiacjoe_overflow_chevrons,
          portal_sewer_entry_b, basic_ecumenical_altar

Skill      XL: |  1  2  3 |
---------------+----------+-----
Long Blades    | 4 |  4.7
Dodging        | 4 |  4.0
Fighting       | 3 |  3.2
Armour         | 1 |  1.6
Throwing       | |  2.1

Action                   |  1- 3 |  4- 6 || total
-------------------------+-------+-------++-------
Melee: Long sword        |    75 |     6 ||    81
       Headbutt          |    10 |       ||    10
       Punch             |     1 |       ||     1
  Use: Potion            |       |     1 ||     1
Armor: Leather armour    |     2 |       ||     2
       Scale mail        |    36 |     6 ||    42
Dodge: Dodged            |    49 |     1 ||    50
